Map: Terrassen von Prion

Players

Karenin

  • Race: Zerg Zerg

K.I.-1 (Extrem) - Winner!

  • Race: Zerg Zerg

VOD

Have the link to the VOD?

Description

Time

  • Played on: Feb. 9, 2016, 10:13 a.m.
  • Length: 20:33
Show
View Real Time Build Order
Export as new Build Order

Karenin Zerg 

Build Orders: 3 Hatch before Pool 

Get SALT Encoding   

  12  0:01  Drone  
  13  0:12  Overlord  
  13  0:17  Drone  
  14  0:31  Drone x2  
  14  0:35  Drone  
  17  0:56  Hatchery, Drone  
  17  1:23  Hatchery  
  16  1:31  Drone x3  
  19  1:36  Extractor  
  18  1:44  Drone  
  19  1:47  Spawning Pool  
  19  1:53  Drone  
  19  2:03  Overlord  
  19  2:13  Drone  
  20  2:20  Overlord  
  20  2:21  Overlord  
  20  2:36  Queen x2  
  24  2:40  Queen  
  26  2:46  Metabolic Boost  
  26  2:50  Drone  
  27  3:02  Zergling x2  
  27  3:03  Zergling x6  
  31  3:11  Zergling x2  
  31  3:12  Zergling x4  
  34  3:30  Queen  
  34  3:31  Queen  
  34  3:33  Zergling x2  
  39  3:50  Zergling x2  
  39  3:51  Zergling x10  
  45  4:08  Roach Warren  
  45  4:09  Lair  
  44  4:22  Zergling x2  
  44  4:23  Zergling x2  
  44  4:24  Zergling x6  
  38  4:59  Roach  
  42  5:00  Roach x7  
  42  5:06  Drone  
  55  5:07  Drone  
  55  5:14  Overlord  
  56  5:19  Glial Reconstitution  
  56  5:25  Drone  
  57  5:31  Extractor, Drone  
  57  5:58  Roach, Zergling x4  
  57  5:59  Roach, Zergling x4  
  57  6:01  Overlord  
  57  6:02  Overlord  
  65  6:35  Drone x2  
  65  6:36  Drone x12  
  79  6:40  Extractor  
  79  6:41  Extractor  
  77  7:01  Drone  
  77  7:02  Drone  
  77  7:05  Drone x2  
  77  7:08  Overlord  
  81  7:09  Overlord x3  
  81  7:20  Evolution Chamber  
  80  7:22  Evolution Chamber  
  80  7:27  Roach, Zergling x2  
  80  7:28  Roach x2, Zergling x6  
  89  7:51  Zerg Ground Armor Level 1  
  89  7:53  Zerg Missile Weapons Level 1  
  89  8:01  Drone x3  
  89  8:03  Drone  
  93  8:07  Drone x2  
  93  8:08  Drone x3  
  93  8:09  Drone x2  
  93  8:10  Drone x3  
  93  8:11  Drone x2  
  93  8:12  Drone x2  
  107  8:21  Drone  
  108  8:38  Roach, Zergling x2  
  108  8:39  Roach  
  113  8:41  Overlord x2  
  113  8:42  Overlord x7  
  80  9:15  Roach  
  80  9:16  Roach x15  
  98  9:29  Roach x3  
  96  9:48  Roach  
  96  9:49  Roach x7  
  98  10:02  Zerg Missile Weapons Level 2  
  98  10:04  Zerg Ground Armor Level 2  
  98  10:05  Queen  
  94  10:14  Drone  
  94  10:15  Drone x2  
  97  10:24  Hatchery  
  96  10:31  Extractor  
  96  10:32  Extractor  
  94  10:39  Zergling x2  
  94  10:40  Zergling x28  
  109  11:03  Roach  
  109  11:04  Roach x5  
  121  11:14  Infestation Pit  
  121  11:15  Hydralisk Den  
  119  11:23  Drone  
  119  11:24  Drone x2  
  122  11:28  Zergling x2  
  122  11:29  Roach x4, Zergling x8  
  135  11:50  Roach, Zergling x4  
  135  11:51  Roach x4, Zergling x8  
  151  12:02  Extractor x2, Hatchery  
  148  12:18  Hydralisk x13  
  148  12:19  Hydralisk x2  
  178  12:24  Zergling x2  
  179  12:50  Muscular Augments  
  179  12:51  Hive  
  179  12:56  Zerg Melee Weapons Level 1  
  179  13:00  Overlord x5  
  179  13:01  Overlord x3  
  179  13:05  Overseer  
  179  13:06  Overseer  
  179  13:10  Overseer  
  179  13:14  Pneumatized Carapace  
  179  13:33  Zergling x2  
  182  13:34  Zergling x36  
  182  13:35  Zergling x4  
  139  14:39  Hydralisk x2  
  139  14:40  Roach x2, Zergling x6, Hydralisk x3  
  139  14:41  Roach x4, Zergling x8, Hydralisk x4  
  139  14:42  Roach x3, Zergling x6, Hydralisk  
  187  14:55  Drone x3  
  187  14:57  Drone x3  
  193  15:15  Drone x2  
  193  15:19  Roach, Zergling x2, Hydralisk  
  200  15:36  Zerg Ground Armor Level 3  
  200  15:58  Zerg Missile Weapons Level 3  
  192  16:08  Roach, Zergling x4, Hydralisk x3  
  192  16:09  Roach x3, Zergling x6, Hydralisk x2  
  192  16:10  Roach x2, Zergling x2  
  184  16:25  Adrenal Glands  
  184  16:40  Ravager  
  184  16:43  Ravager x2  
  184  16:44  Ravager  
  184  16:45  Ravager x2  
  190  16:49  Ravager  
  191  16:55  Zergling x2  
  191  16:56  Zergling x16  
  112  17:33  Roach x2, Hydralisk x4  
  112  17:34  Roach x4, Hydralisk x4  
  112  17:35  Roach x4  
  112  17:36  Roach  
  137  17:46  Extractor  
  137  17:48  Extractor  
  135  17:52  Drone  
  135  17:53  Drone  
  137  18:07  Drone x2  
  137  18:08  Drone  
  137  18:10  Hydralisk x3  
  137  18:11  Roach x5, Hydralisk  
  137  18:12  Zerg Melee Weapons Level 2  
  158  18:15  Extractor x2, Hatchery  
  155  18:22  Ravager x2  
  157  18:54  Extractor  
  157  18:55  Hatchery  
  155  18:58  Hydralisk x3  
  155  18:59  Roach x4, Extractor  
  155  19:00  Roach  
  170  19:05  Drone  
  170  19:07  Drone  
  170  19:09  Drone  
  77  20:00  Zergling x2, Hydralisk x2  
  77  20:01  Roach x3, Zergling x4, Hydralisk x3  
  77  20:02  Roach x3, Zergling x4, Hydralisk  
Show
View Real Time Build Order
Export as new Build Order

K.I.-1 (Extrem) Zerg - Winner!

Build Orders: Pool First 

Get SALT Encoding   

  12  0:00  Drone  
  13  0:12  Overlord  
  13  0:17  Drone  
  14  0:30  Drone  
  15  0:39  Spawning Pool  
  15  0:41  Drone  
  15  0:45  Drone  
  15  0:49  Drone  
  17  0:53  Extractor  
  17  0:55  Drone  
  17  1:06  Drone  
  18  1:17  Drone  
  19  1:27  Zergling x2, Queen  
  19  1:28  Roach Warren  
  21  1:38  Overlord  
  21  1:49  Drone  
  22  1:59  Overlord  
  22  2:10  Roach  
  24  2:21  Roach  
  26  2:25  Hatchery  
  25  2:32  Drone  
  25  2:35  Roach x2  
  30  2:39  Roach  
  32  2:44  Roach  
  34  2:54  Overlord  
  34  2:58  Metabolic Boost  
  34  3:05  Zergling x2  
  34  3:06  Zergling x2  
  34  3:08  Zergling x2  
  37  3:16  Zergling x2  
  38  3:27  Zergling x2  
  39  3:37  Zergling x2  
  39  3:38  Zergling x4, Baneling Nest  
  41  3:54  Extractor, Drone  
  41  3:57  Drone  
  41  4:02  Drone  
  43  4:04  Drone  
  43  4:08  Drone  
  45  4:12  Zergling x2  
  45  4:15  Zergling x2  
  47  4:20  Zergling x2  
  47  4:22  Zergling x2, Baneling  
  47  4:23  Zergling x2  
  45  4:26  Zergling x2  
  45  4:29  Baneling x2  
  45  4:31  Zergling x2  
  35  4:34  Zergling x2, Baneling x2  
  35  4:37  Zergling x2  
  33  4:38  Baneling  
  33  4:42  Roach  
  35  4:48  Roach  
  37  4:53  Roach  
  37  4:58  Roach  
  41  5:04  Roach  
  43  5:09  Roach  
  45  5:20  Lair  
  45  5:38  Overlord  
  45  5:42  Drone  
  46  5:45  Drone  
  46  5:48  Drone  
  48  5:51  Drone  
  48  5:56  Drone  
  50  5:58  Drone  
  50  6:01  Drone  
  52  6:06  Overlord  
  52  6:10  Drone  
  53  6:12  Drone  
  53  6:15  Drone  
  53  6:17  Drone  
  56  6:20  Drone  
  56  6:23  Drone, Hydralisk Den  
  58  6:25  Drone  
  58  6:27  Drone  
  58  6:32  Overlord  
  59  6:34  Drone  
  59  6:39  Drone  
  61  6:45  Drone  
  62  6:49  Drone  
  62  6:50  Infestation Pit, Drone  
  62  6:51  Drone  
  62  6:52  Hydralisk  
  66  6:57  Overlord  
  66  6:59  Hydralisk  
  68  7:08  Drone  
  69  7:11  Overseer, Drone  
  70  7:18  Extractor, Drone  
  70  7:20  Overlord, Drone  
  70  7:21  Roach, Drone  
  74  7:25  Evolution Chamber  
  73  7:30  Drone  
  73  7:32  Drone  
  75  7:39  Extractor  
  75  7:41  Evolution Chamber, Drone  
  75  7:43  Drone  
  75  7:49  Hatchery  
  75  7:51  Infestor, Drone  
  74  7:52  Roach, Zerg Melee Weapons Level 1  
  74  7:53  Drone  
  74  7:54  Drone  
  81  8:03  Drone  
  81  8:04  Overlord  
  82  8:07  Zerg Ground Armor Level 1  
  82  8:13  Evolution Chamber  
  82  8:14  Roach  
  82  8:15  Roach  
  85  8:23  Infestor  
  85  8:25  Ravager  
  87  8:27  Overlord  
  87  8:28  Roach  
  90  8:34  Ravager  
  90  8:37  Roach  
  90  8:39  Zerg Missile Weapons Level 1  
  90  8:41  Hydralisk  
  92  8:45  Hydralisk  
  92  8:46  Overlord  
  96  8:54  Spine Crawler  
  96  8:55  Roach, Baneling  
  96  8:58  Roach  
  96  9:00  Roach  
  96  9:02  Drone x2  
  102  9:03  Drone x2  
  102  9:04  Drone  
  102  9:09  Zergling x2  
  97  9:11  Zergling x2, Extractor  
  97  9:15  Drone  
  92  9:19  Drone  
  92  9:22  Drone  
  94  9:25  Drone, Extractor  
  94  9:27  Zergling x2, Baneling, Infestor, Drone  
  94  9:28  Baneling  
  94  9:30  Hatchery, Drone  
  98  9:32  Baneling  
  98  9:33  Zergling x2  
  98  9:37  Drone  
  100  9:41  Drone  
  100  9:43  Drone  
  98  9:48  Drone  
  98  9:51  Drone  
  84  9:54  Roach  
  84  9:58  Hydralisk x2  
  84  9:59  Drone x2  
  86  10:02  Drone  
  86  10:05  Drone  
  78  10:10  Drone  
  78  10:13  Zerg Ground Armor Level 2, Drone  
  80  10:16  Roach  
  80  10:20  Pneumatized Carapace  
  80  10:21  Ravager, Roach  
  85  10:22  Spine Crawler  
  85  10:23  Infestor  
  85  10:26  Roach  
  88  10:31  Roach x3  
  88  10:33  Roach  
  88  10:34  Roach  
  98  10:37  Roach  
  98  10:41  Ravager  
  98  10:42  Roach  
  103  10:43  Drone  
  103  10:45  Drone  
  103  10:48  Drone  
  106  10:51  Extractor, Queen  
  106  10:52  Drone  
  106  10:54  Zerg Missile Weapons Level 2, Drone  
  106  10:55  Overlord  
  109  10:58  Drone  
  109  11:00  Glial Reconstitution  
  109  11:01  Spore Crawler  
  109  11:02  Roach, Drone x2  
  109  11:03  Drone  
  114  11:05  Drone  
  114  11:07  Drone  
  114  11:09  Drone, Burrow  
  117  11:11  Spore Crawler  
  117  11:13  Spine Crawler  
  117  11:14  Drone  
  117  11:16  Infestor  
  117  11:17  Overlord  
  118  11:20  Drone  
  118  11:24  Infestor  
  121  11:27  Zergling x2, Baneling x2  
  121  11:28  Spine Crawler, Zergling x2, Baneling x2  
  121  11:30  Drone  
  122  11:34  Roach x2  
  122  11:35  Roach x2  
  122  11:38  Overlord  
  122  11:39  Roach  
  132  11:41  Roach  
  132  11:46  Roach  
  136  11:49  Roach, Hydralisk  
  136  11:51  Hydralisk  
  142  11:55  Extractor  
  142  11:56  Overlord  
  142  11:58  Roach, Drone  
  144  12:08  Spore Crawler, Queen  
  143  12:10  Drone, Spore Crawler  
  143  12:14  Overlord  
  143  12:15  Drone, Hatchery  
  146  12:17  Drone  
  146  12:22  Hive, Queen  
  148  12:24  Pathogen Glands  
  148  12:25  Roach, Zergling x2, Baneling  
  151  12:32  Centrifical Hooks  
  151  12:33  Overlord  
  151  12:45  Spine Crawler, Drone  
  151  12:48  Spine Crawler, Drone  
  151  12:49  Spore Crawler  
  151  12:51  Overlord, Drone  
  151  12:52  Spine Crawler  
  151  12:54  Spine Crawler, Drone x2  
  151  12:56  Infestor  
  153  13:00  Infestor  
  155  13:07  Spine Crawler  
  155  13:08  Drone  
  155  13:10  Drone, Spore Crawler  
  155  13:12  Spine Crawler  
  154  13:13  Drone  
  155  13:20  Overlord, Hydralisk  
  155  13:24  Overseer  
  157  13:28  Queen  
  157  13:29  Overseer  
  157  13:32  Spore Crawler  
  157  13:33  Drone, Viper  
  159  13:34  Drone, Spore Crawler  
  159  13:36  Spore Crawler, Zerg Ground Armor Level 3  
  159  13:37  Drone, Zerg Missile Weapons Level 3  
  162  13:41  Ultralisk Cavern  
  162  13:43  Drone  
  162  13:47  Viper  
  165  13:49  Spine Crawler  
  165  13:51  Drone  
  165  13:59  Baneling, Extractor  
  165  14:01  Zergling x2  
  165  14:02  Roach, Zergling x2, Drone, Hydralisk x2  
  164  14:03  Overlord, Hydralisk x2  
  164  14:04  Hydralisk  
  164  14:06  Roach  
  164  14:08  Roach  
  164  14:09  Roach  
  155  14:11  Roach  
  155  14:12  Hatchery  
  124  14:18  Drone  
  124  14:20  Zergling x2, Baneling x2  
  124  14:21  Zergling x2, Baneling x2  
  124  14:22  Roach  
  121  14:24  Roach  
  121  14:25  Roach  
  121  14:27  Roach  
  121  14:29  Roach  
  121  14:31  Roach, Ultralisk  
  131  14:37  Ultralisk  
  145  14:38  Roach  
  145  14:40  Roach  
  145  14:41  Roach  
  145  14:43  Roach  
  145  14:44  Roach  
  153  14:46  Roach  
  153  14:47  Roach  
  153  14:49  Roach  
  153  14:51  Roach  
  153  14:52  Hydralisk  
  161  14:54  Hydralisk  
  161  14:57  Hydralisk  
  161  14:59  Hydralisk  
  169  15:01  Hydralisk  
  169  15:03  Hydralisk  
  169  15:06  Zergling x2, Baneling  
  174  15:07  Hydralisk  
  174  15:10  Hydralisk  
  174  15:12  Hydralisk  
  180  15:14  Hydralisk  
  180  15:16  Hydralisk  
  180  15:17  Drone  
  180  15:19  Hydralisk  
  186  15:21  Hydralisk  
  186  15:24  Hydralisk  
  190  15:34  Ultralisk  
  196  15:43  Baneling  
  196  15:54  Spine Crawler  
  196  15:55  Drone  
  196  15:57  Spine Crawler  
  196  15:58  Drone  
  196  16:03  Ultralisk, Hydralisk  
  199  16:06  Roach, Zergling x2  
  199  16:07  Roach x3, Infestor  
  199  16:08  Roach x2  
  199  16:09  Roach, Hydralisk  
  199  16:10  Roach x3  
  195  16:12  Roach  
  195  16:13  Zergling x2  
  195  16:15  Roach  
  195  16:16  Roach  
  195  16:20  Muscular Augments  
  195  16:21  Infestor  
  195  16:23  Infestor  
  199  16:32  Zerg Melee Weapons Level 2  
  199  16:38  Spore Crawler  
  199  16:39  Drone, Neural Parasite  
  199  16:42  Drone, Spore Crawler  
  199  17:03  Hydralisk  
  199  17:08  Spine Crawler, Drone  
  199  17:11  Drone, Hydralisk, Extractor  
  199  17:12  Zergling x2  
  199  17:13  Roach, Zergling x2, Extractor, Hatchery  
  199  17:14  Drone  
  199  17:15  Roach, Drone  
  195  17:16  Spine Crawler, Ultralisk, Hydralisk  
  195  17:17  Drone  
  195  17:18  Roach  
  195  17:19  Roach x2  
  195  17:20  Roach  
  195  17:21  Roach  
  195  17:22  Spine Crawler, Roach  
  180  17:23  Drone  
  180  17:26  Spore Crawler  
  180  17:27  Lair  
  180  17:29  Drone  
  149  17:31  Roach  
  149  17:33  Hydralisk  
  149  17:36  Hydralisk  
  131  17:38  Hydralisk  
  131  17:39  Overseer  
  131  17:40  Hydralisk  
  131  17:43  Hydralisk  
  137  17:46  Hydralisk  
  137  17:48  Overlord  
  137  17:51  Hydralisk  
  139  17:58  Ultralisk  
  147  18:00  Hydralisk  
  147  18:03  Hydralisk  
  151  18:07  Overlord  
  151  18:12  Ultralisk  
  157  18:14  Infestor  
  157  18:17  Chitinous Plating  
  159  18:23  Spine Crawler, Drone  
  159  18:24  Spine Crawler  
  159  18:26  Overlord, Drone  
  159  18:33  Roach, Hydralisk  
  163  18:39  Ultralisk  
  169  18:45  Overlord  
  169  18:49  Ultralisk  
  175  18:56  Infestor  
  175  18:58  Infestor  
  179  19:07  Overlord  
  179  19:09  Spire  
  178  19:10  Drone  
  178  19:14  Roach  
  178  19:16  Roach  
  183  19:17  Roach  
  183  19:19  Roach  
  183  19:21  Roach  
  189  19:25  Hydralisk x2  
  189  19:26  Hydralisk  
  195  19:35  Hydralisk  
  194  19:38  Roach  
  194  19:39  Roach  
  194  19:40  Roach  
  194  19:41  Roach x3  
  194  19:42  Roach  
  194  19:43  Roach  
  194  19:44  Roach, Hydralisk  
  194  19:45  Hydralisk  
  159  19:56  Spore Crawler  
  159  19:57  Drone  
  159  19:58  Spore Crawler  
  159  19:59  Roach  
  148  20:01  Drone  
  159  20:14  Roach  
  159  20:26  Spore Crawler  
Tags
 
Add a new tag
Caveats
  • Supply blocks, unpowered buildings, or Contaminate may cause inaccurate times.
  • Supply counts are checked every 10 seconds.